 Dungeon Crawl Stone Soup version 0.27-a0-1186-g8b4daa1eef (webtiles) character file.

Game seed: 4772504120185353338

4646 wakim the Grappler (level 10, 0/96 HPs)
             Began as a Troll Fighter on May 19, 2021.
             Slain by a hornet (16 damage)
             ... on level 8 of the Dungeon.
             The game lasted 00:21:54 (7445 turns).

wakim the Grappler (Troll Fighter)                  Turns: 7445, Time: 00:21:54

Health: 0/96       AC:  4    Str: 28    XL:     10   Next: 20%
Magic:  9/9        EV: 10    Int:  5    God:
Gold:   510        SH: 11    Dex:  9    Spells: 9/9 levels left

rFire    . . .     SeeInvis .     - Unarmed
rCold    . . .     Faith    .   b - +0 kite shield
rNeg     . . .     Spirit   .   a - +0 robe
rPois    .         Reflect  .   (helmet restricted)
rElec    .         Harm     .   (no cloak)
rCorr    .         Rampage  .   (gloves unavailable)
Will     .....                  (boots unavailable)
Stlth    +.........             e - amulet of regeneration
HPRegen  2.26/turn              (no ring)
MPRegen  0.11/turn              (no ring)

@: lethally poisoned (0 -> -4), slowed, very slow
A: large, unfitting armour, claws 3, regeneration 1, shaggy fur 1, tough skin 1
a: no special abilities


You were on level 8 of the Dungeon.
You visited 2 branches of the dungeon, and saw 9 of its levels.
You also visited: Sewer.

You collected 510 gold pieces.

Inventory:

Missiles
 c - 19 boomerangs (quivered)
 d - 15 poisoned darts
Armour
 a - a +0 robe (worn)
 b - a +0 kite shield (worn)
Jewellery
 e - an amulet of regeneration (around neck)
Wands
 u - a wand of mindburst (12)
 v - a wand of flame (14)
 x - a wand of iceblast (10)
 y - a wand of paralysis (19)
Scrolls
 f - a scroll of enchant armour {unknown}
 T - 4 scrolls of teleportation
 X - a scroll of fog
 Y - a scroll of blinking {!r}
Potions
 g - 2 potions of cancellation {unknown}
 h - 2 potions of resistance {unknown}
 B - 4 potions of attraction {!q}
 F - 2 potions of curing
 G - 5 potions of flight
 J - 4 potions of heal wounds
 N - 3 potions of might


   Skills:
 + Level 5.5 Fighting
 + Level 2.7 Throwing
 + Level 5.5 Dodging
 * Level 7.5 Shields
 * Level 8.7 Unarmed Combat


You had 9 spell levels left.
You didn't know any spells.
Your spell library contained the following spells:

 Spells                   Type           Power      Damage    Failure   Level
 Animate Skeleton         Necr           0%         N/A       58%         1
 Pain                     Necr           0%         1d4       58%         1
 Vampiric Draining        Necr           0%         2d6       91%         3
 Animate Dead             Necr           0%         N/A       100%        4
 Agony                    Necr           0%         N/A       100%        5


Dungeon Overview and Level Annotations

Branches:
Dungeon (8/15)             Temple (1/1) D:5           Sewer (visited)
   Lair: D:8-11

Altars:
Ashenzari
Cheibriados
Elyvilon
Fedhas
Gozag
Hepliaklqana
Kikubaaqudgha
Makhleb
Nemelex Xobeh
Okawaru
Ru
Sif Muna
Trog
Uskayaw
Vehumet
Wu Jian
Xom
Yredelemnul
Zin
The Shining One

Shops:
D:3 (   D:7 !


Innate Abilities, Weirdness & Mutations

You are too large for most types of armour.
You have claws for hands.
Your natural rate of healing is unusually fast.
You are covered in fur. (AC +1)
You have tough skin. (AC +1)


Message History

You mangle the hornet!!
The hornet is severely wounded.
You feel very sick.
The hornet stings you but does no damage.
The hornet misses you.
You scratch the hornet but do no damage.
The hornet is severely wounded.
You feel very sick. The hornet barely misses you.
You block the hornet's attack.
You scratch the hornet.
The hornet is almost dead.
You feel very sick. The hornet stings you!
You feel as though you will be slow longer.
You block the hornet's attack.
You scratch the hornet.
The hornet is almost dead.
You feel sick. The hornet stings you.
* * * LOW HITPOINT WARNING * * *
You are more poisoned.
You suddenly lose the ability to move!
The hornet completely misses you.
You feel very sick. The hornet stings you.
* * * LOW HITPOINT WARNING * * *
You are more poisoned.
You feel as though you will be slow longer.
The hornet stings you.
* * * LOW HITPOINT WARNING * * *
You are more poisoned.
You feel as though you will be slow longer.
You feel extremely sick. The hornet stings you!
* * * LOW HITPOINT WARNING * * *
You feel as though you will be slow longer.
You can move again.
You closely miss the hornet.
The hornet is almost dead.
You feel extremely sick. The hornet stings you!
You die...

#.............####
#.............+..# ##
#.............##.###.
#......#########.....
#..........).........
###+############.....
#.....# #...###.
#...y.# #.### #.
#..@..# #.# #.
##'##########.#####.
#>.................
#####.######+#####.
#.##......# #.
#.##......# #.
#..+......# #.
####......####.
######......


You could see a hornet.

Vanquished Creatures
  Pikel (D:6)
  Sigmund (D:6)
  4 yaks (D:6)
  A wraith (D:6)
  4 vampire mosquitoes
  An acid dragon (D:7)
  3 orc warriors
  2 sky beasts
  An ice beast (D:7)
  2 black bears
  A hornet zombie (D:8)
  2 ogres (D:5)
  4 lemures (D:6)
  2 kobold brigands
  Blork the orc (D:6)
  A bullfrog (D:8)
  A gnoll sergeant (D:7)
  2 scorpions (D:5)
  A water moccasin skeleton (D:6)
  A howler monkey (D:7)
  5 wights
  2 bullfrog zombies
  4 hounds
  4 orc priests
  A centaur skeleton (D:5)
  A gnoll shaman (D:5)
  3 jellies
  An iron imp (D:5)
  4 iguanas
  3 orc wizards
  A hound skeleton (D:4)
  13 gnolls
  5 adders
  2 river rats (Sewer)
  A shadow imp (D:7)
  An ufetubus (D:5)
  An adder skeleton (D:2)
  2 worms
  3 dart slugs
  12 orcs
  8 bats
  7 endoplasms
  5 giant cockroaches
  7 goblins
  3 hobgoblins
  6 jackals
  21 kobolds
  11 quokkas
  6 ball pythons
  2 frilled lizards
  2 goblin skeletons (D:6)
  2 goblin zombies (D:6)
  A kobold skeleton (D:6)
  2 kobold zombies (D:6)
  3 orc zombies (D:6)
  13 rats
204 creatures vanquished.

Vanquished Creatures (others)
  A plant (D:7)
1 creature vanquished.

Grand Total: 205 creatures vanquished

Notes
Turn   | Place    | Note
-------+----------+-------------------------------------------
     0 | D:1      | wakim the Troll Fighter began the quest for the Orb.
     0 | D:1      | Reached XP level 1. HP: 22/22 MP: 0/0
   216 | D:1      | Reached XP level 2. HP: 29/29 MP: 1/1
   701 | D:1      | Reached XP level 3. HP: 28/36 MP: 2/2
   812 | D:2      | Found a faded altar of an unknown god.
  1114 | D:2      | Found a blossoming altar of Fedhas.
  1152 | D:2      | Reached skill level 3 in Unarmed Combat
  1370 | D:3      | Found Odaumocegu's Antique Weapon Shop.
  1377 | D:3      | Reached XP level 4. HP: 44/44 MP: 3/3
  1441 | D:3      | Found a sacrificial altar of Ru.
  2645 | D:4      | Reached XP level 5. HP: 44/52 MP: 4/4
  3082 | D:4      | Found a glowing drain.
  3098 | Sewer    | Entered a sewer
  3186 | Sewer    | Reached skill level 4 in Unarmed Combat
  3186 | Sewer    | Reached XP level 6. HP: 54/61 MP: 5/5
  3214 | Sewer    | Found a white marble altar of Elyvilon.
  3720 | D:5      | Entered Level 5 of the Dungeon
  3787 | D:5      | Reached XP level 7. HP: 63/67 MP: 6/6
  3842 | D:5      | Found a staircase to the Ecumenical Temple.
  3852 | Temple   | Entered the Ecumenical Temple
  4075 | D:5      | Found a hazy altar of Hepliaklqana.
  4217 | D:5      | Reached skill level 5 in Unarmed Combat
  4320 | D:5      | Reached skill level 5 in Shields
  4339 | D:5      | Reached XP level 8. HP: 53/78 MP: 7/7
  4743 | D:6      | Reached skill level 6 in Unarmed Combat
  4816 | D:6      | Found a glowing golden altar of the Shining One.
  4817 | D:6      | Noticed Blork the orc
  4818 | D:6      | Noticed Sigmund
  4853 | D:6      | Killed Blork the orc
  5238 | D:6      | Reached skill level 7 in Unarmed Combat
  5238 | D:6      | Reached XP level 9. HP: 37/85 MP: 8/8
  5578 | D:6      | Noticed Pikel
  5589 | D:6      | Killed Pikel
  5590 | D:6      | Reached skill level 1 in Throwing
  5727 | D:6      | Killed Sigmund
  5728 | D:6      | Reached skill level 5 in Fighting
  5728 | D:6      | Reached skill level 5 in Dodging
  5939 | D:7      | Found Ziarumpa's Distillery.
  5960 | D:7      | Reached skill level 8 in Unarmed Combat
  6293 | D:6      | Reached XP level 10. HP: 45/96 MP: 9/9
  7437 | D:8      | Paralysed by a hornet for 1 turns
  7442 | D:8      | Paralysed by a hornet for 3 turns
  7445 | D:8      | Slain by a hornet

Illustrated notes

Levels and vault maps discovered:
D:1:      dpeg_arrival_yet_another_circle, layout_rooms, serial_rivers,
          chequers_serial_rivers_marsh, chequers_serial_rivers_micro_a,
          chequers_serial_rivers_large_a, chequers_serial_rivers_marsh,
          chequers_serial_rivers_small_3, st_stairs_7
D:2:      layout_loops_cross, basic_altar, ebering_ecumenical_altar_webs
D:3:      layout_basic, hangedman_ru_absence, serial_shops, shop
D:4:      layout_basic, portal_sewer_entry_f
D:5:      minmay_recursive_quarters, layout_cave_pools, lemuel_crystal_altar,
          minmay_temple_entry_sparse_star, st_stairs_12
D:6:      layout_loops_ring, nicolae_tso_besieged_by_evil,
          minmay_misc_feat_enclosed, uniq_pikel, uniq_sigmund,
          uniq_blork_the_orc
D:7:      cheibrodos_two_vegetables, layout_gridville, serial_shops,
          nicolae_shop_behind_doors
D:8:      layout_basic
Temple:   minmay_crystal_spiral_temple

Skill      XL: |  1  2  3  4  5  6  7  8  9 |
---------------+----------------------------+-----
Shields        | 3 4 5 6 7 |  7.5
Unarmed Combat | 3 4 5 7 8 |  8.7
Fighting       | 3 4 5 |  5.5
Dodging        | 3 4 5 |  5.5
Throwing       | 2 |  2.7

Action                   |  1- 3 |  4- 6 |  7- 9 | 10-12 || total
-------------------------+-------+-------+-------+-------++-------
Melee: Unarmed           |   121 |   157 |   333 |    80 ||   691
Evoke: Wand              |       |     2 |       |       ||     2
  Use: Scroll            |     4 |     4 |     4 |     1 ||    13
       Potion            |       |     1 |     1 |       ||     2
 Stab: Sleeping          |     1 |       |       |       ||     1
Armor: Robe              |    47 |    30 |    55 |     6 ||   138
Dodge: Dodged            |    48 |    54 |   120 |    25 ||   247
Block: Kite shield       |    54 |    86 |   162 |    37 ||   339

Table legend: (Time is in decaauts)
 A = Elapsed time spent in this place.
 B = Non-inter-level travel time spent in this place.
 C = Inter-level travel time spent in this place.
 D = Time resting spent in this place.
 E = Time spent auto-exploring this place.
 F = Levels seen in this place.
 G = Mean time per level.
                   A        B        C        D        E       F      G
               +--------+--------+--------+--------+--------+-----+--------+
         Total |   7589 |   6869 |    720 |     29 |   4961 |  10 |  758.9 |
       Dungeon |   7159 |   6522 |    637 |     29 |   4712 |   8 |  894.9 |
        Temple |    210 |    127 |     83 |      0 |    126 |   1 |  210.0 |
         Sewer |    219 |    219 |      0 |      0 |    123 |   1 |  219.0 |
               +--------+--------+--------+--------+--------+-----+--------+

Top non-repeatable levels by time:
     D:3: 1284 daAuts
     D:6: 1225 daAuts
     D:7: 911 daAuts
     D:4: 873 daAuts
     D:5: 771 daAuts
     D:1: 733 daAuts
     D:2: 708 daAuts
     D:8: 650 daAuts
   Sewer: 219 daAuts
  Temple: 210 daAuts
